 Dungeon Crawl Stone Soup version 0.27.1-3-gb3d3a73c9e (webtiles) character file.

Game seed: 3087959566418513096

1572 Crownlay the Blocker (level 9, -1/72 HPs)
             Began as a Formicid Fighter on Oct 16, 2021.
             Was a Believer of the Shining One.
             Engulfed by a steam dragon's steam (12 damage)
             ... on level 7 of the Dungeon.
             The game lasted 00:09:59 (8183 turns).

Crownlay the Blocker (Formicid Fighter)             Turns: 8183, Time: 00:10:00

Health: -1/72      AC: 12    Str: 24    XL:     9   Next: 13%
Magic:  9/9        EV:  6    Int:  8    God:    the Shining One [**....]
Gold:   353        SH:  0    Dex: 10    Spells: 8/8 levels left

rFire    . . .     SeeInvis +   a - +0 long sword
rCold    . . .     Faith    .   (no shield)
rNeg     + . .     Spirit   .   i - +1 plate armour {Will+}
rPois    .         Reflect  .   (helmet unavailable)
rElec    .         Harm     .   (no cloak)
rCorr    .         Rampage  .   (no gloves)
Will     +....                  (no boots)
Stlth    ..........             (no amulet)
HPRegen  0.22/turn              (no ring)
MPRegen  0.11/turn              (no ring)

@: glowing
A: permanent stasis, dig shafts and tunnels, antennae 3, four strong arms
a: Dig, Shaft Self, Renounce Religion, Divine Shield


You were on level 7 of the Dungeon.
You worshipped the Shining One.
The Shining One was pleased with you.
You visited 1 branch of the dungeon, and saw 7 of its levels.

You collected 353 gold pieces.

Inventory:

Hand Weapons
 a - a +0 long sword (weapon)
Missiles
 t - 5 boomerangs of dispersal
Armour
 c - a +0 kite shield
 i - a +1 plate armour of willpower (worn)
Wands
 s - a wand of iceblast (7)
Scrolls
 e - 2 scrolls of vulnerability
 f - 2 scrolls of blinking
 g - a scroll of identify
 j - 4 scrolls of teleportation
 n - a scroll of magic mapping
 u - a scroll of fog
Potions
 b - 2 potions of degeneration {unknown}
 d - a potion of might
 h - a potion of attraction {unknown}
 k - 2 potions of brilliance
 l - 3 potions of heal wounds
 o - a potion of curing {unknown}
 p - a potion of lignification {unknown}
 q - a potion of mutation {unknown}
 r - a potion of berserk rage {unknown}


   Skills:
 + Level 7.6 Fighting
 - Level 2.0 Long Blades
 - Level 3.2 Armour
 * Level 11.1 Shields


You had 8 spell levels left.
You didn't know any spells.
Your spell library contained the following spells:

 Spells                   Type           Power      Damage    Failure   Level
 Summon Small Mammal      Summ           0%         N/A       100%        1
 Static Discharge         Conj/Air       0%         N/A       100%        2
 Call Canine Familiar     Summ           0%         N/A       100%        3
 Portal Projectile        Hex/Tloc       0%         N/A       100%        3
 Summon Guardian Golem    Hex/Summ       0%         N/A       100%        3
 Dispel Undead            Necr           0%         3d6       100%        4
 Sticky Flame             Conj/Fire      0%         2d3       100%        4
 Blade Hands              Tmut           0%         N/A       100%        5
 Excruciating Wounds      Necr           0%         N/A       100%        5


Dungeon Overview and Level Annotations

Branches:
Dungeon (7/15)             Temple (0/1) D:4

Altars:
Cheibriados
Dithmenos
Elyvilon
Kikubaaqudgha
Nemelex Xobeh
Okawaru
Qazlal
Sif Muna
Trog
Wu Jian
Xom
The Shining One

Shops:
D:6 [


Innate Abilities, Weirdness & Mutations

You cannot be hasted, slowed, berserked, paralysed or teleported.
You can dig through walls and to a lower floor.
You have a pair of large antennae on your head. (SInv)
Your four strong arms can wield two-handed weapons with a shield.


Message History

The steam dragon barely misses you. The steam dragon claws you.
You hit the steam dragon but do no damage.
You are engulfed in a cloud of scalding steam.
The steam dragon bites you but does no damage.
The steam dragon claws you but does no damage.
You hit the steam dragon but do no damage.
The steam dragon bites you.
The steam dragon claws you but does no damage.
You hit the steam dragon but do no damage.
The steam dragon bites you. The steam dragon claws you.
The steam dragon bites you but does no damage.
The steam dragon claws you but does no damage.
You hit the steam dragon.
The steam dragon is lightly wounded.
The steam dragon completely misses you. x2
You barely miss the steam dragon.
The steam dragon is lightly wounded.
The steam dragon bites you but does no damage.
The steam dragon claws you but does no damage.
You hit the steam dragon but do no damage.
The steam dragon is lightly wounded.
The steam dragon bites you but does no damage.
The steam dragon claws you.
You slash the steam dragon!
The steam dragon is moderately wounded.
The steam dragon breathes steam at you. The ball of steam hits you!
The steam dragon barely misses you.
You riposte.
You hit the steam dragon.
The steam dragon is moderately wounded.
The steam dragon claws you but does no damage.
You hit the steam dragon.
The steam dragon is heavily wounded.
You are engulfed in a cloud of scalding steam.
The steam dragon breathes steam at you. The ball of steam hits you!
* * * LOW HITPOINT WARNING * * *
You slash the steam dragon!
The steam dragon is almost dead.
You are engulfed in a cloud of scalding steam.
You die...

###########
#...D@§§..#
##
#.#######.#
#.. .. #.#
#.####.
#### #.#
#.##.#. ..#
#.# #.#....
#.# #.#
#......
#.###.###.#
#.#....
#.........#
#.##.#.
#####.#####
#.##.♣P


You could see a steam dragon.

Vanquished Creatures
  3 black bears (D:5)
  A necrophage (D:5)
  3 centaurs
  A phantom (D:6)
  A wyvern zombie (D:6)
  A howler monkey (D:6)
  A bullfrog zombie (D:5)
  A hound (D:3)
  A gnoll shaman (D:6)
  A bullfrog skeleton (D:6)
  Natasha (thrice) (D:3)
  2 iguanas
  10 orc wizards
  A scorpion zombie (D:5)
  2 hound zombies (D:5)
  A howler monkey zombie (D:5)
  A howler monkey skeleton (D:5)
  5 adders
  9 gnolls
  A white imp (D:5)
  3 worms
  23 orcs
  6 endoplasms
  A giant cockroach (D:1)
  8 goblins
  7 hobgoblins
  3 quokkas
  8 ball pythons
  4 bats
  6 kobolds
  8 rats
  A toadstool (D:2)
127 creatures vanquished.

Vanquished Creatures (others)
  A howler monkey (D:3)
  2 adders (D:3)
  A worm (D:3)
  An endoplasm (D:3)
  A goblin (D:3)
  A hobgoblin (D:3)
  A jackal (D:3)
  A quokka (D:3)
  A fungus (D:2)
  5 plants
  4 toadstools (D:2)
19 creatures vanquished.

Grand Total: 146 creatures vanquished

Notes
Turn   | Place    | Note
-------+----------+-------------------------------------------
     0 | D:1      | Crownlay the Formicid Fighter began the quest for the Orb.
     0 | D:1      | Reached XP level 1. HP: 18/18 MP: 1/1
    91 | D:1      | Found a faded altar of an unknown god.
   115 | D:1      | Became a worshipper of the Shining One
   115 | D:1      | Reached * piety under the Shining One
   306 | D:1      | Reached skill level 4 in Shields
   306 | D:1      | Reached XP level 2. HP: 24/24 MP: 2/2
   898 | D:2      | Reached XP level 3. HP: 30/30 MP: 3/3
  1017 | D:2      | Found a shimmering blue altar of Sif Muna.
  1347 | D:2      | Reached skill level 5 in Shields
  1549 | D:2      | Reached XP level 4. HP: 37/37 MP: 4/4
  1689 | D:3      | Found a shadowy altar of Dithmenos.
  2295 | D:3      | Reached XP level 5. HP: 41/42 MP: 5/5
  2368 | D:3      | Reached skill level 6 in Shields
  2433 | D:3      | Found a shimmering blue altar of Sif Muna.
  2481 | D:3      | Noticed Natasha
  2505 | D:3      | Killed Natasha
  2832 | D:3      | Found a shimmering altar of Xom.
  2951 | D:3      | Noticed Natasha
  2957 | D:3      | Killed Natasha
  3300 | D:3      | Noticed Natasha
  3317 | D:3      | Killed Natasha
  3318 | D:3      | Reached XP level 6. HP: 19/49 MP: 6/6
  3930 | D:4      | Reached skill level 5 in Fighting
  3930 | D:4      | Reached skill level 7 in Shields
  4202 | D:4      | Found a snail-covered altar of Cheibriados.
  4261 | D:4      | Found a stormy altar of Qazlal.
  4530 | D:4      | Found a staircase to the Ecumenical Temple.
  4709 | D:4      | Found an ornate altar of the Wu Jian Council.
  4710 | D:4      | Found an iron altar of Okawaru.
  4748 | D:5      | Entered Level 5 of the Dungeon
  4748 | D:5      | Reached ** piety under the Shining One
  4967 | D:5      | Reached XP level 7. HP: 55/56 MP: 7/7
  5259 | D:5      | Reached skill level 8 in Shields
  5626 | D:5      | Reached XP level 8. HP: 64/64 MP: 8/8
  5632 | D:5      | Reached skill level 9 in Shields
  6023 | D:5      | Found an ancient bone altar of Kikubaaqudgha.
  6129 | D:5      | Found a sparkling altar of Nemelex Xobeh.
  6159 | D:5      | Identified the +4 hand axe "Tuipuria" {drain, Dex+5}
  6519 | D:6      | Found a bloodstained altar of Trog.
  6613 | D:6      | Found a white marble altar of Elyvilon.
  7052 | D:5      | Reached skill level 10 in Shields
  7343 | D:6      | Found Fyetem's Armour Emporium.
  7514 | D:6      | Reached XP level 9. HP: 63/72 MP: 9/9
  7793 | D:6      | Reached skill level 11 in Shields
  8183 | D:7      | Engulfed by a steam dragon's steam

Illustrated notes

Levels and vault maps discovered:
D:1:      dpeg_arrival_simpleton_b, layout_loops_cross,
          hellmonk_ecumenical_altar_slurped_away, minmay_hexomino_p4
D:2:      layout_basic, basic_altar, minmay_gold_behind_fungi, st_stairs_10,
          chequers_serial_rivers_large_b
D:3:      layout_loops_ring, mainiacjoe_overflow_boulevard, xom_confusion_cloud,
          lemuel_round_altar, kennysheep_generic_room_14, uniq_natasha
D:4:      layout_loops_ring, slow_altar_2, nicolae_overflow_hidden_temple,
          grunt_qazlal_sundering, minmay_temple_entry_hall, hex_large
D:5:      layout_rooms, mainiacjoe_overflow_alcove_1, nemelex_spade_bored_becter
D:6:      layout_loops_cross, nicolae_elyvilon_temple_path, bloody_trog,
          serial_shops, shop
D:7:      layout_loops_corners, serial_bayou, serial_bayou_pond_a,
          serial_bayou_shore_b, serial_bayou_pond_e, serial_bayou_shore_b,
          st_stairs_9, the_hattery, uniq_harold

Skill      XL: |  1  2  3  4  5  6  7  8  9 |
---------------+----------------------------+-----
Shields        | 4 5 6 7 8 10 11 | 11.1
Fighting       | 4 5 6 7 |  7.6
Long Blades    | |  2.0
Armour         | |  3.2

Action                   |  1- 3 |  4- 6 |  7- 9 || total
-------------------------+-------+-------+-------++-------
Melee: Long sword        |    70 |   156 |   224 ||   450
 Abil: Dig               |     3 |     7 |     1 ||    11
  Use: Scroll            |       |     3 |     6 ||     9
Armor: Scale mail        |    21 |       |       ||    21
       Plate armour      |    12 |   130 |   319 ||   461
Dodge: Dodged            |    35 |    66 |   118 ||   219
       Rpst.: Long sword |     6 |    20 |    29 ||    55
